 Dungeon Crawl Stone Soup version 0.28-a0-245-g639a1a48b9 (webtiles) character file.

Game seed: 14232224899776527769

70 theanonym the Insei (level 4, 7/33 HPs)
             Began as an Octopode Monk on Aug 24, 2021.
             Quit the game on level 3 of the Dungeon.
             The game lasted 00:02:24 (1966 turns).

theanonym the Insei (Octopode Monk)                 Turns: 1966, Time: 00:02:25

Health: 7/33       AC:  1    Str: 11    XL:     4   Next: 21%
Magic:  13/13      EV: 14    Int: 12    God:
Gold:   86         SH:  0    Dex: 14    Spells: 3/3 levels left

rFire   . . .      SeeInvis .     - Unarmed
rCold   . . .      Faith    .   (no shield)
rNeg    . . .      Spirit   .   (helmet restricted)
rPois   .          Reflect  .   (no amulet)
rElec   .          Harm     .   c - ring of magical power
rCorr   .          Rampage  .   (no ring)
Will    .....                   (no ring)
Stlth   +++.......              (no ring)
HPRegen 0.11/turn               (no ring)
MPRegen 0.13/turn               (no ring)
                                (no ring)
                                (no ring)

@: lethally poisoned (7 -> -10)
A: almost no armour, amphibious, 8 rings, camouflage 1, gelatinous body 1,
(nimble swimmer 1), tentacles
a: no special abilities


Innate Abilities, Weirdness & Mutations

You cannot wear most types of armour.
You are amphibious.
You can wear up to eight rings at the same time.
Your skin changes colour to match your surroundings (Stealth+).
Your rubbery body absorbs attacks. (AC +1, EV +1)
((You are camouflaged near water. (Stealth+)))
You have tentacles for arms and can constrict up to eight enemies at once.


   Skills:
 + Level 3.7 Fighting
 - Level 3.0 Dodging
 - Level 2.6 Stealth
 * Level 4.4 Unarmed Combat


You had 3 spell levels left.
You didn't know any spells.
Your spell library was empty.

Skill      XL: |  1  2  3 |
---------------+----------+-----
Unarmed Combat | 4 |  4.4
Fighting       | |  3.7
Dodging        | |  3.0
Stealth        | |  2.6

Action                   |  1- 3 |  4- 6 || total
-------------------------+-------+-------++-------
Melee: Unarmed           |    72 |    17 ||    89
       Tentacles         |    17 |     6 ||    23
       Constrict         |    16 |     5 ||    21
       Punch             |     3 |       ||     3
 Stab: Sleeping          |    11 |       ||    11
Armor: Skin              |     1 |       ||     1
Dodge: Dodged            |    39 |     9 ||    48

Inventory:

Missiles
 a - 4 curare-tipped darts (quivered)
 e - 21 poisoned darts
Jewellery
 c - a ring of magical power (left tentacle)
Scrolls
 b - a scroll of amnesia {unknown}
 d - a scroll of identify {unknown}
 f - a scroll of teleportation {unknown}
 g - a scroll of noise {unknown}
 h - a scroll of blinking {unknown}


You were on level 3 of the Dungeon.
You visited 1 branch of the dungeon, and saw 3 of its levels.

You collected 86 gold pieces.

Dungeon Overview and Level Annotations

Branches:
Dungeon (3/15)

Altars:

Shops:
D:3

[![ # #....)∩#
#####.##.#.##.#
.......<.#.##.########
#####................#
######.##...∩###.
#.##..#.## #.##.†...#
#.###.#>.##.# ###
#...@o..[# ..
#......(....#
.############.##..#.##
.8÷....÷_# #. #.##.#
.........# #. #.# #
.8......÷# #< ...
..÷......# ## #.#
.........# #.#
..8.8†8.##


You could see an orc.

Notes
Turn   | Place    | Note
-------+----------+-------------------------------------------
     0 | D:1      | theanonym the Octopode Monk began the quest for the Orb.
     0 | D:1      | Reached XP level 1. HP: 16/16 MP: 1/1
   226 | D:1      | Reached XP level 2. HP: 12/21 MP: 2/2
   768 | D:2      | Reached XP level 3. HP: 26/26 MP: 3/3
  1103 | D:2      | Reached skill level 4 in Unarmed Combat
  1465 | D:2      | You fall into a shaft and drop 1 floor!
  1466 | D:3      | Found a faded altar of an unknown god.
  1471 | D:3      | Found Seisubre's Armour Emporium.
  1750 | D:2      | Reached XP level 4. HP: 32/32 MP: 4/4
  1918 | D:3      | Found Goaggu's Distillery.
  1925 | D:3      | Found Qeabuceg's Antique Armour Shop.
  1964 | D:3      | HP: 12/33 [poisoned by an orc]
  1966 | D:3      | Quit the game

Vanquished Creatures
  2 adders (D:2)
  A dart slug (D:3)
  4 orcs (D:3)
  2 ball pythons
  5 endoplasms
  3 goblins
  7 hobgoblins
  5 jackals
  3 kobolds
  2 quokkas
  4 bats
  A rat (D:2)
39 creatures vanquished.

Table legend: (Time is in decaauts)
 A = Elapsed time spent in this place.
 B = Non-inter-level travel time spent in this place.
 C = Inter-level travel time spent in this place.
 D = Time resting spent in this place.
 E = Time spent auto-exploring this place.
 F = Levels seen in this place.
 G = Mean time per level.
                   A        B        C        D        E       F      G
               +--------+--------+--------+--------+--------+-----+--------+
         Total |   1960 |   1911 |     49 |    457 |   1159 |   3 |  653.3 |
       Dungeon |   1960 |   1911 |     49 |    457 |   1159 |   3 |  653.3 |
               +--------+--------+--------+--------+--------+-----+--------+

Top non-repeatable levels by time:
     D:2: 1023 daAuts
     D:1: 688 daAuts
     D:3: 247 daAuts
